 Dungeon Crawl Stone Soup version 0.22.1-2-g9c5b331 (webtiles) character file.

1127 Goblin1989 the Covert (level 8, 0/51 HPs)
             Began as an Octopode Assassin on Dec 26, 2018.
             Was a Believer of Okawaru.
             Slain by a crimson imp (1 damage)
             ... on level 5 of the Dungeon.
             The game lasted 00:15:21 (5906 turns).

Goblin1989 the Covert (Octopode Assassin)           Turns: 5906, Time: 00:15:21

Health: 0/51       AC:  1    Str: 10    XL:     8   Next: 35%
Magic:  8/9        EV: 19    Int: 13    God:    Okawaru [**....]
Gold:   253        SH:  0    Dex: 16    Spells: 7/7 levels left

rFire    . . .     SeeInvis +   a - +3 short sword
rCold    . . .     Gourm    .   (no shield)
rNeg     . . .     Faith    .   (helmet restricted)
rPois    +         Spirit   .   (no amulet)
rElec    .         Reflect  .   o - ring of poison resistance
rCorr    .         Harm     .   s - ring of see invisible
MR       .....                  (no ring)
Stlth    ++++++++..             (no ring)
HPRegen  0.17/turn              (no ring)
MPRegen  0.11/turn              (no ring)
                                (no ring)
                                (no ring)

@: heroism
A: almost no armour, stealthy swim, amphibious, 8 rings, constrict 8, camouflage
1, gelatinous body 1
a: Heroism, Renounce Religion


You were on level 5 of the Dungeon.
You worshipped Okawaru.
Okawaru was pleased with you.
You were not hungry.

You visited 1 branch of the dungeon, and saw 5 of its levels.
You also visited: Ossuary.

You collected 253 gold pieces.

Inventory:

Hand Weapons
 a - a +3 short sword (weapon)
 w - a +0 blowgun {@w1}
 K - a +0 rapier
 N - a +1 falchion of distortion {!w}
Missiles
 c - 8 poisoned needles
 d - 7 curare-tipped needles
 x - 201 stones (quivered) {@Q3}
 y - 85 sling bullets
 B - 37 bolts
 P - 51 arrows
 Z - 6 throwing nets {!d , @Q1}
Jewellery
 o - a ring of poison resistance (left tentacle)
 s - a ring of see invisible (right tentacle)
Wands
 M - a wand of iceblast (7) {@v4}
Scrolls
 C - 2 scrolls of immolation
 R - 5 scrolls of identify {@r1}
 T - 2 scrolls of teleportation
 U - 2 scrolls of fear {unknown}
 V - 3 scrolls of random uselessness {unknown}
 W - a scroll of remove curse {@r3}
 Y - 2 scrolls of holy word {unknown}
Potions
 E - 2 potions of invisibility
 F - 2 potions of might {unknown}
 H - a potion of heal wounds {unknown}
 J - a potion of haste {unknown}
 L - 3 potions of curing {unknown}
 O - 2 potions of degeneration {unknown}
 S - a potion of mutation {unknown}
 X - a potion of ambrosia {unknown}
Comestibles
 e - 11 rations
 Q - 4 chunks of flesh


   Skills:
 + Level 2.9(7.9) Fighting
 + Level 2.9(7.9) Short Blades
 - Level 2.0(7.0) Throwing
 * Level 3.1(8.1) Dodging
 + Level 12.4(17.4) Stealth
 - Level 2.0 Invocations


You had 7 spell levels left.
You didn't know any spells.
Your spell library contained the following spells:

 Spells                   Type           Power        Failure   Level  Hunger
 Magic Dart               Conj           #...         30%         1    ##.....
 Searing Ray              Conj           #.....       43%         2    ###....
 Dazzling Spray           Conj/Hex       #.....       67%         3    ####...
 Force Lance              Conj/Tloc      #.......     97%         4    #####..
 Fulminant Prism          Conj/Hex       #.........   97%         4    #####..
 Iskenderun's Mystic Bla  Conj           #.......     97%         4    #####..


Dungeon Overview and Level Annotations

Branches:
Dungeon (5/15)             Temple (0/1) D:4

Altars:
Dithmenos
Elyvilon
Nemelex Xobeh
Okawaru
Sif Muna
Wu Jian
Yredelemnul
The Shining One

Shops:
D:4 :   D:5 }


Innate Abilities, Weirdness & Mutations

You cannot wear most types of armour.
You are very stealthy in the water. (Stealth+)
You are amphibious.
You can wear up to eight rings at the same time.
You can use your tentacles to constrict eight enemies at once.
Your skin changes colour to match your surroundings (Stealth+).
Your rubbery body absorbs attacks. (AC +1, EV +1)


Message History

The iron imp misses you. The iron imp closely misses you.
The iron imp hits you.
Some of the chunks of flesh in your inventory have rotted away.
You take 4 damage, and have 38/51 hp.
You closely miss Eustachio. You grab Eustachio.
Eustachio is lightly wounded.
You constrict Eustachio.
You constrict the iron imp, but do no damage.
The iron imp disappears in a puff of smoke!
Eustachio hits you but does no damage. The crimson imp hits you.
The iron imp hits you.
You take 4 damage, and have 34/51 hp.
You hit Eustachio.
Eustachio is lightly wounded.
You constrict Eustachio. You constrict the iron imp. The iron imp hits you.
The iron imp closely misses you. The crimson imp barely misses you.
Eustachio casts a spell.
Eustachio blinks free!
You take 4 damage, and have 30/51 hp.
You release your grip on the iron imp.
The crimson imp hits you.
Eustachio utters an oath, "I will die for my friends!"
The iron imp completely misses you.
You take 3 damage, and have 27/51 hp.
The crimson imp closely misses you.
Eustachio casts a spell.
The iron imp lashes its tail.
Unknown command.
Unknown command.
The bat misses you. Eustachio closely misses you.
You hit Eustachio. Your grab misses Eustachio.
Your tentacle-slap misses Eustachio.
Eustachio is moderately wounded.
The bat misses you. The crimson imp completely misses you.
You closely miss Eustachio. Your grab misses Eustachio.
Eustachio is moderately wounded.
Eustachio hits you with a rapier!
* * * LOW HITPOINT WARNING * * *
The iron imp hits you.
* * * LOW HITPOINT WARNING * * *
You take 13 damage, and have 15/51 hp.
MASSIVE DAMAGE!!
You hit Eustachio. Your grab misses Eustachio. Your squeeze misses Eustachio.
Eustachio is heavily wounded.
The bat hits you but does no damage. The crimson imp misses you.
Eustachio barely misses you.
Unknown command.
You puncture Eustachio! You grab Eustachio.
Eustachio is heavily wounded.
You constrict Eustachio, but do no damage.
The bat misses you. The crimson imp hits you.
* * * LOW HITPOINT WARNING * * *
The iron imp closely misses you. The iron imp hits you.
* * * LOW HITPOINT WARNING * * *
The bat misses you.
You take 7 damage, and have 8/51 hp.
You barely miss Eustachio.
Eustachio is heavily wounded.
You constrict Eustachio, but do no damage.
Eustachio gestures wildly while chanting.
The bat completely misses you. The crimson imp hits you.
* * * LOW HITPOINT WARNING * * *
You take 3 damage, and have 5/51 hp.
You hit Eustachio but do no damage. You squeeze Eustachio.
Eustachio is severely wounded.
You constrict Eustachio. The bat hits you.
* * * LOW HITPOINT WARNING * * *
The iron imp completely misses you. Eustachio misses you.
The iron imp completely misses you. The bat hits you.
* * * LOW HITPOINT WARNING * * *
You take 2 damage, and have 3/51 hp.
You hit Eustachio.
Eustachio is severely wounded.
You constrict Eustachio, but do no damage.
The bat hits you.
* * * LOW HITPOINT WARNING * * *
The bat misses you. The crimson imp barely misses you.
You take 1 damage, and have 2/51 hp.
You hit Eustachio.
Eustachio is almost dead.
You constrict Eustachio. The bat misses you.
Eustachio hits you but does no damage. The bat hits you but does no damage.
The bat misses you. The iron imp barely misses you. The crimson imp misses you.
The rat completely misses you.
Unknown command.
You puncture Eustachio!
You kill Eustachio!
Okawaru accepts your kill.
The bat disappears in a puff of smoke!
The iron imp disappears in a puff of smoke! x3
The rat disappears in a puff of smoke!
The bat disappears in a puff of smoke!
The rat disappears in a puff of smoke!
Your base Dodging skill increases to level 3!
You barely miss the crimson imp. You grab the crimson imp.
You constrict the crimson imp. The crimson imp hits you.
* * * LOW HITPOINT WARNING * * *
You take 2 damage, and have 1/51 hp.
Unknown command.
You hit the crimson imp.
The crimson imp is lightly wounded.
You constrict the crimson imp. The crimson imp hits you.
You die... █ █ █████████████

.............███████████████████
..............................>█
.████████.....§§§§.██████▲████.█
.█ █......5@§[█ █.......█ .█
█......§)..█ █.......█ .█
█..........█ █.......█ .█
█..........█ █.......█ .█
█..........█ ██.......█ .█
█.........)█ █........█ .█
█..........█ █.......██ .█
██████..... █.......█ ██
█.......█


You could see a crimson imp.

Vanquished Creatures
  Eustachio (D:5)
  3 ogres
  A scorpion (D:4)
  2 crimson imps (D:5)
  A bullfrog zombie (D:5)
  2 centaur zombies (Ossuary)
  3 hounds
  A centaur skeleton (D:4)
  An orc wizard (D:4)
  2 worker ants (D:4)
  3 big kobold zombies (Ossuary)
  4 mummies (Ossuary)
  3 gnolls (D:5)
  7 adders
  A shadow imp (D:5)
  An ooze (D:1)
  A worm (D:3)
  3 dart slugs
  6 leopard geckos
  6 orcs
  A ball python (D:3)
  5 giant cockroaches
  7 goblins
  7 hobgoblins
  8 jackals (D:3)
  6 kobolds
  A quokka (D:4)
  10 bats
  5 frilled lizards
  5 hobgoblin zombies (Ossuary)
  A jackal skeleton (D:5)
  A quokka skeleton (D:5)
  4 rats
113 creatures vanquished.

Notes
Turn   | Place    | Note
-------+----------+-------------------------------------------
     0 | D:1      | Goblin1989 the Octopode Assassin began the quest for the
                  | Orb.
     0 | D:1      | Reached XP level 1. HP: 14/14 MP: 1/1
   139 | D:1      | Reached skill level 6 in Stealth
   139 | D:1      | Reached XP level 2. HP: 19/19 MP: 2/2
   508 | D:1      | Reached XP level 3. HP: 24/24 MP: 3/3
   677 | D:1      | Reached skill level 7 in Stealth
   751 | D:1      | You fall through a shaft!
  1361 | D:2      | Reached XP level 4. HP: 29/29 MP: 4/4
  2100 | D:3      | Reached skill level 8 in Stealth
  2345 | D:3      | Found a sparkling altar of Nemelex Xobeh.
  2652 | D:4      | Found an iron altar of Okawaru.
  2662 | D:4      | Became a worshipper of Warmaster Okawaru
  2676 | D:4      | Found a sand-covered staircase.
  2684 | Ossuary  | Entered an ossuary
  2692 | Ossuary  | Reached XP level 5. HP: 26/34 MP: 5/5
  3019 | Ossuary  | Reached skill level 9 in Stealth
  3492 | Ossuary  | Reached XP level 6. HP: 27/39 MP: 6/6
  3592 | Ossuary  | Reached skill level 10 in Stealth
  3993 | D:4      | Found a staircase to the Ecumenical Temple.
  4116 | D:4      | Reached * piety under Okawaru
  4116 | D:4      | Reached skill level 11 in Stealth
  4146 | D:4      | Reached XP level 7. HP: 29/45 MP: 7/7
  4267 | D:4      | Found a basalt altar of Yredelemnul.
  4270 | D:4      | Found Jurhuf's Book Shop.
  4383 | D:4      | Found a deep blue altar of Sif Muna.
  4383 | D:4      | Found an ornate altar of the Wu Jian Council.
  4389 | D:4      | Found a white marble altar of Elyvilon.
  4658 | D:4      | Found a glowing golden altar of the Shining One.
  4933 | D:4      | Noticed an angel
  4956 | D:5      | Entered Level 5 of the Dungeon
  5060 | D:5      | Reached skill level 12 in Stealth
  5060 | D:5      | Reached skill level 1 in Invocations
  5151 | D:5      | Noticed Eustachio
  5272 | D:5      | Found Lyror's Gadget Emporium.
  5290 | D:5      | Reached XP level 8. HP: 50/50 MP: 9/9
  5653 | D:5      | Reached ** piety under Okawaru
  5693 | D:5      | Found a shadowy altar of Dithmenos.
  5902 | D:5      | HP: 2/51 [bat[Eustachio] (1)]
  5904 | D:5      | Killed Eustachio
  5906 | D:5      | Slain by a crimson imp

Skill      XL: |  1  2  3  4  5  6  7  8 |
---------------+-------------------------+-----
Stealth        | 6 7 8 9 11 12 | 12.4
Invocations    | 2 |  2.0
Dodging        | 3 |  3.1
Fighting       | |  2.9
Short Blades   | |  2.9
Throwing       | |  2.0

Action                   |  1- 3 |  4- 6 |  7- 9 || total
-------------------------+-------+-------+-------++-------
Melee: Dagger            |    58 |    12 |       ||    70
       Constrict         |     8 |    22 |    20 ||    50
       Tentacles         |     3 |    27 |    21 ||    51
       Short sword       |       |    93 |    89 ||   182
 Fire: Blowgun           |       |       |     7 ||     7
Invok: Heroism           |       |       |     1 ||     1
  Use: Scroll            |       |     7 |       ||     7
 Stab: Sleeping          |    18 |    14 |     9 ||    41
       Distracted        |     1 |     3 |       ||     4
  Eat: Chunk             |     1 |     6 |     5 ||    12
       Ration            |       |     1 |       ||     1
Armor: Skin              |     8 |     4 |     6 ||    18
Dodge: Dodged            |    32 |    37 |    80 ||   149

Vault maps used:
D:1:      minmay_arrival_jagged, minmay_tromino_i4
D:2:      first_ration
D:3:      marbit_many_paths, nrook_mini_vaults, uniq_crazy_yiuf_cottage
D:4:      grunt_temple_overflow_holy_war, grunt_temple_overflow_diamond,
          minmay_temple_entry_purple_smoke, serial_shops, shop,
          nicolae_ossuary_entry_monument, grunt_ministairs_10, okawaru_trees_2
D:5:      kennysheep_mini, serial_shops, shop, kennysheep_path_1, uniq_eustachio
Ossuary:  ossuary_the_hunt_dpeg
